 Dungeon Crawl Stone Soup version 0.25.1-2-g60ff931df9 (webtiles) character file.

Game seed: 6988479636707497417

13518 lorenzova the Thaumaturge (level 11, -4/54 HPs)
             Began as a Deep Elf Conjurer on Oct 17, 2020.
             Was a Priest of Vehumet.
             Shot with a bolt by a yaktaur (26 damage)
             ... on level 11 of the Dungeon on Oct 18, 2020.
             The game lasted 00:24:28 (15334 turns).

lorenzova the Thaumaturge (Deep Elf Conjurer)      Turns: 15334, Time: 00:24:28

Health: -4/54      AC: 10    Str:  5    XL:     11   Next: 76%
Magic:  28/40      EV: 12    Int: 24    God:    Vehumet [***...]
Gold:   327        SH:  0    Dex: 15    Spells: 23/38 levels left

rFire    + . .     SeeInvis .   w - staff of air
rCold    . . .     Gourm    .   (no shield)
rNeg     . . .     Faith    .   y - +3 leather armour {MR+}
rPois    .         Spirit   .   h - +0 helmet
rElec    +         Reflect  .   (no cloak)
rCorr    .         Harm     .   f - +0 pair of gloves
MR       ++...                  (no boots)
Stlth    ++........             (no amulet)
HPRegen  0.18/turn              x - ring of protection from fire
MPRegen  0.27/turn              A - ring of magical power

@: no status effects
A: thin metallic scales 1, wild magic 1
a: Renounce Religion


You were on level 11 of the Dungeon.
You worshipped Vehumet.
Vehumet was most pleased with you.
You were not hungry.

You visited 2 branches of the dungeon, and saw 12 of its levels.

You collected 487 gold pieces.
You spent 160 gold pieces at shops.

Inventory:

Hand Weapons
 F - a +2 dagger of holy wrath
Armour
 a - a +0 robe
 f - a +0 pair of gloves (worn)
 h - a +0 helmet (worn)
 y - a +3 leather armour of magic resistance (worn)
 J - a +1 robe of cold resistance
Magical Staves
 w - an uncursed staff of air (weapon)
 H - an uncursed staff of wizardry
Jewellery
 m - an uncursed ring of ice
 q - an uncursed ring of wizardry
 x - a ring of protection from fire (left hand)
 A - a ring of magical power (right hand)
 E - an uncursed ring of fire
 G - an uncursed amulet of faith
 I - an uncursed ring of ice
Wands
 o - a wand of flame (37)
 K - a wand of enslavement (8)
 L - a wand of polymorph (12)
 M - a wand of iceblast (9)
 N - a wand of digging (5)
Scrolls
 b - a scroll of magic mapping {unknown}
 d - a scroll of amnesia {unknown}
 e - 3 scrolls of remove curse
 i - a scroll of blinking {unknown}
 k - 2 scrolls of identify
 l - 6 scrolls of teleportation {unknown}
 n - a scroll of fog {unknown}
 u - 2 scrolls of random uselessness {unknown}
 v - a scroll of immolation {unknown}
 z - a scroll of noise {unknown}
 B - 3 scrolls of fear {unknown}
 D - 2 scrolls of enchant armour {unknown}
Potions
 g - a potion of mutation
 j - 3 potions of brilliance
 p - a potion of heal wounds
 r - 2 potions of might
 s - a potion of cancellation
 t - a potion of invisibility
 C - a potion of berserk rage {unknown}
Comestibles
 c - 16 rations


   Skills:
 - Level 2.4 Dodging
 - Level 2.4 Stealth
 * Level 14.3 Spellcasting
 * Level 12.8 Conjurations
 + Level 8.2 Hexes
 - Level 6.0 Translocations
 * Level 6.5 Fire Magic


You had 23 spell levels left.
You knew the following spells:

 Your Spells              Type           Power        Failure   Level  Hunger
a - Magic Dart            Conj           ####         1%          1    None
b - Searing Ray           Conj           ######       1%          2    None
c - Iskenderun's Mystic   Conj/Tloc      ######..     1%          4    None
d - Fulminant Prism       Conj/Hex       ######....   1%          4    None
e - Foxfire               Conj/Fire      ####         1%          1    None
x - Conjure Flame         Conj/Fire      ######..     1%          3    None

Your spell library contained the following spells:

 Spells                   Type           Power        Failure   Level  Hunger
 Dazzling Flash           Conj/Hex       ######       1%          3    None


Dungeon Overview and Level Annotations

Branches:
Dungeon (11/15)            Temple (1/1) D:7            Lair (0/6) D:9
    Orc (0/2) D:9

Altars:
Ashenzari
Cheibriados
Dithmenos
Elyvilon
Fedhas
Gozag
Hepliaklqana
Kikubaaqudgha
Makhleb
Nemelex Xobeh
Okawaru
Qazlal
Ru
Sif Muna
Trog
Uskayaw
Vehumet
Wu Jian
Xom
Yredelemnul
Zin
The Shining One
Lugonu

Shops:
D:4 !   D:5 *   D:8 }


Innate Abilities, Weirdness & Mutations

You are partially covered in thin metallic scales. (AC +2)
Your spells are a little harder to cast, but a little more powerful.


Message History

Your fulminant prism crackles loudly.
There is a stone staircase leading up here.
You see here a stone.
Your fulminant prism explodes!
The blast of energy engulfs the yaktaur!!
The yaktaur is heavily wounded.
You hear a bark!
The yaktaur shoots a bolt.
The bolt hits you!!
There is a stone staircase leading up, spattered with blood here.
Things that are here:
a bolt; a stone
Casting: Fulminant Prism (safe; 1% risk of failure)
Confirm with . or Enter, or press ? or * to list all spells.
Aiming: Fulminant Prism (safe; 1% risk of failure)
Press: ? - help, Dir - move target cursor You conjure a prism of explosive energy!
A fulminant prism comes into view.
The yaktaur shoots a bolt.
The bolt hits you!
The yaktaur shoots a bolt.
The bolt hits you!!
You die...

._.©#©........................
...u##...................)....
....h###....(.c.......÷.......
###.. ###.........).).)....... ##
#.#...*†.)......).......
..#.......).............
#####?.##......)).............
####...### #.....................
.........# ###..@÷...............
#..#...### #...................
#.####..#### ##..#...............
..# ##....####..#...............
.### ##.....###.................
...#####................###......
....##.....##......##...# #......
....###....#.......##..####.##...
..### #............###..##...###.


You could see a yaktaur and a friendly fulminant prism.

Vanquished Creatures
  2 hydras (D:11)
  Harold (D:10)
  Erica (D:10)
  A two-headed ogre (D:8)
  Sonja (D:10)
  The ghost of sixsigma the Thaumaturge, a novice GnWz of Ashenzari (D:7)
  An unseen horror (D:8)
  An ugly thing (D:11)
  Maggie (D:10)
  A troll (D:9)
  Grinder (D:6)
  4 hippogriffs
  Sigmund (D:3)
  Eustachio (D:6)
  A wraith (D:10)
  A wyvern (D:8)
  A steam dragon (D:10)
  2 water moccasins
  4 orc warriors
  A black bear (D:9)
  3 sky beasts
  5 ice beasts
  A phantom (D:9)
  6 centaurs
  4 ogres
  A crocodile (D:10)
  10 bullfrogs
  A gnoll sergeant (D:6)
  2 scorpions
  5 killer bees (D:9)
  14 wights (D:10)
  3 howler monkeys (D:11)
  3 crimson imps
  2 centaur zombies
  6 hounds
  4 jellies
  3 quasits
  7 orc priests
  11 orc wizards
  2 bullfrog skeletons (D:8)
  2 centaur skeletons
  5 iguanas
  Terence (D:3)
  10 worker ants
  A bullfrog simulacrum (D:7)
  2 hound skeletons
  Robin (D:4)
  2 worker ant zombies
  6 adders
  5 gnolls (D:6)
  3 shadow imps
  2 white imps (D:7)
  3 oozes
  An adder skeleton (D:8)
  3 worms
  2 dart slugs (D:1)
  An adder simulacrum (D:7)
  5 leopard geckos
  31 orcs
  7 giant cockroaches
  13 goblins
  10 hobgoblins
  10 jackals
  5 quokkas
  3 ball pythons
  A ball python skeleton (D:4)
  6 bats
  7 frilled lizards
  A jackal zombie (D:5)
  6 kobolds
  A leopard gecko simulacrum (D:7)
  A leopard gecko skeleton (D:5)
  A leopard gecko zombie (D:8)
  7 rats
286 creatures vanquished.

Vanquished Creatures (others)
  39 fulminant prisms
39 creatures vanquished.

Grand Total: 325 creatures vanquished

Notes
Turn   | Place    | Note
-------+----------+-------------------------------------------
     0 | D:1      | lorenzova the Deep Elf Conjurer began the quest for the
                  | Orb.
     0 | D:1      | Reached XP level 1. HP: 10/10 MP: 6/6
   349 | D:1      | Reached XP level 2. HP: 15/15 MP: 4/8
   388 | D:1      | Learned a level 2 spell: Searing Ray
  1005 | D:1      | Reached skill level 4 in Spellcasting
  1264 | D:1      | Reached skill level 5 in Conjurations
  1264 | D:1      | Reached XP level 3. HP: 19/19 MP: 6/10
  2032 | D:2      | Reached XP level 4. HP: 9/24 MP: 1/12
  2447 | D:3      | Reached skill level 5 in Spellcasting
  2792 | D:3      | Noticed Sigmund
  2803 | D:3      | Killed Sigmund
  2803 | D:3      | Reached skill level 6 in Spellcasting
  2803 | D:3      | Reached XP level 5. HP: 6/28 MP: 8/15
  3071 | D:3      | Reached XP level 6. HP: 32/32 MP: 15/17
  3098 | D:3      | Noticed Terence
  3113 | D:3      | Killed Terence
  3794 | D:2      | Found a basalt altar of Yredelemnul.
  4111 | D:4      | Reached skill level 7 in Spellcasting
  4265 | D:4      | Noticed Robin
  4343 | D:4      | Killed Robin
  4344 | D:4      | Reached XP level 7. HP: 35/36 MP: 9/19
  4597 | D:4      | You fall into a shaft and drop 2 floors!
  4618 | D:6      | Reached skill level 8 in Spellcasting
  4915 | D:5      | Entered Level 5 of the Dungeon
  5635 | D:4      | Found Musk's Distillery.
  5647 | D:4      | Bought a potion of cancellation for 80 gold pieces
  5647 | D:4      | Bought a potion of invisibility for 80 gold pieces
  5970 | D:5      | Reached skill level 9 in Spellcasting
  5970 | D:5      | Reached XP level 8. HP: 41/41 MP: 18/23
  6032 | D:5      | Found a snail-covered altar of Cheibriados.
  6109 | D:5      | Found an opulent altar of Gozag.
  6113 | D:5      | Found Gozag's Platinum Reserve.
  6475 | D:5      | Learned a level 4 spell: Iskenderun's Mystic Blast
  6480 | D:5      | Learned a level 4 spell: Fulminant Prism
  6619 | D:6      | Reached skill level 1 in Hexes
  6663 | D:6      | Reached skill level 1 in Translocations
  6664 | D:6      | Noticed Eustachio
  6869 | D:6      | Reached skill level 10 in Spellcasting
  6924 | D:6      | Noticed Grinder
  6928 | D:6      | Killed Grinder
  7193 | D:6      | Found a shimmering blue altar of Sif Muna.
  7253 | D:6      | Reached XP level 9. HP: 45/45 MP: 20/25
  7415 | D:6      | HP: 2/45 [Eustachio/puff of flame (18)]
  7421 | D:6      | Killed Eustachio
  8061 | D:7      | Found a runed translucent gate.
  8061 | D:7      | Found a runed translucent gate.
  8061 | D:7      | Found a runed translucent gate.
  8148 | D:7      | Reached skill level 11 in Spellcasting
  8148 | D:7      | Reached skill level 10 in Conjurations
  8221 | D:7      | Found a staircase to the Ecumenical Temple.
  8236 | Temple   | Entered the Ecumenical Temple
  8342 | Temple   | Became a worshipper of Vehumet
  8416 | D:7      | Noticed sixsigma's ghost (novice GnWz)
  9434 | D:7      | Found a blossoming altar of Fedhas.
 10252 | D:7      | Killed sixsigma's ghost
 10252 | D:7      | Reached skill level 12 in Spellcasting
 10252 | D:7      | Reached skill level 5 in Hexes
 10410 | D:8      | Noticed a two-headed ogre
 10415 | D:8      | Killed a two-headed ogre
 10415 | D:8      | Reached XP level 10. HP: 50/50 MP: 17/28
 10867 | D:8      | Reached * piety under Vehumet
 10867 | D:8      | Offered knowledge of Foxfire by Vehumet.
 10870 | D:8      | Killed an unseen horror
 10870 | D:8      | Reached skill level 5 in Translocations
 11084 | D:8      | Learned a level 1 spell: Foxfire
 11147 | D:8      | Found Aggah's Gadget Shoppe.
 11229 | D:8      | Reached skill level 1 in Fire Magic
 12062 | D:9      | Reached skill level 13 in Spellcasting
 12584 | D:9      | Found a staircase to the Lair.
 12805 | D:9      | Found a staircase to the Orcish Mines.
 12981 | D:10     | Entered Level 10 of the Dungeon
 12982 | D:10     | Noticed Maggie
 12992 | D:10     | Killed Maggie
 13034 | D:10     | Reached ** piety under Vehumet
 13034 | D:10     | Offered knowledge of Shock by Vehumet.
 13071 | D:10     | Reached XP level 11. HP: 54/54 MP: 4/30
 13250 | D:10     | Noticed Harold
 13372 | D:10     | Noticed Erica
 13382 | D:10     | Killed Erica
 13540 | D:10     | Noticed Sonja
 13548 | D:10     | Killed Sonja
 13554 | D:10     | Gained mutation: Your spells are a little harder to cast,
                  | but a little more powerful. [potion of mutation]
 13554 | D:10     | Gained mutation: You are partially covered in thin metallic
                  | scales. (AC +2) [potion of mutation]
 13968 | D:10     | Offered knowledge of Frozen Ramparts by Vehumet.
 13989 | D:10     | Killed Harold
 13989 | D:10     | Reached skill level 5 in Fire Magic
 14347 | D:10     | Reached *** piety under Vehumet
 14884 | D:11     | Noticed a green ugly thing
 14896 | D:11     | Killed a green ugly thing
 14896 | D:11     | Reached skill level 14 in Spellcasting
 14995 | D:11     | Noticed an eight-headed hydra
 15009 | D:11     | Killed an eight-headed hydra
 15009 | D:11     | Offered knowledge of Conjure Flame by Vehumet.
 15018 | D:11     | Learned a level 3 spell: Conjure Flame
 15078 | D:11     | Noticed a four-headed hydra
 15091 | D:11     | Killed a four-headed hydra
 15316 | D:11     | Noticed a brown ugly thing
 15317 | D:11     | Found a corrupted altar of Lugonu.
 15317 | D:11     | Noticed a thrashing horror
 15317 | D:11     | Noticed a brown ugly thing
 15318 | D:11     | Noticed a white ugly thing
 15334 | D:11     | Shot with a bolt by a yaktaur

Illustrated notes

Levels and vault maps discovered:
D:1:      erik_arrival_orb_chamber, layout_loops_corners, minmay_cupped
D:2:      lemuel_upstairs_altar, layout_basic, hangedman_glass_garden
D:3:      layout_loops_ring, first_ration, uniq_sigmund, uniq_terence
D:4:      layout_gridville, serial_shops, nicolae_shop_window_shopping,
          chequers_jeans, uniq_robin
D:5:      layout_loops_cross, nicolae_gozag_zags_fifth_avenue, basic_altar
D:6:      kennysheep_orc_sif_temple, layout_basic, serial_glass,
          glass_columns_b, glass_columns_b, glass_columns_b, uniq_eustachio,
          uniq_grinder
D:7:      layout_gridville, minmay_temple_entry_wispy, gammafunk_ghost_icy,
          fedhas_altar_4
D:8:      layout_basic, serial_shops, nicolae_shop_trees
D:9:      layout_small_grid, lair_entry_dummy, orc_0_dummy
D:10:     layout_basic, uniq_sonja, uniq_maggie, uniq_erica, uniq_harold
D:11:     gammafunk_corrupted_shrine, layout_cave_pools
Temple:   kilobyte_greek_temple

Skill      XL: |  1  2  3  4  5  6  7  8  9 10 11 |
---------------+----------------------------------+-----
Spellcasting   | 4 6 7 9 10 12 13 14 | 14.3
Conjurations   | 5 6 7 8 9 11 12 | 12.8
Hexes          | 3 5 7 8 |  8.2
Translocations | 2 4 5 6 |  6.0
Fire Magic     | 3 6 |  6.5
Dodging        | |  2.4
Stealth        | |  2.4

Action                   |  1- 3 |  4- 6 |  7- 9 | 10-12 || total
-------------------------+-------+-------+-------+-------++-------
Melee: Staff             |       |       |       |     2 ||     2
 Cast: Magic Dart        |    90 |    63 |   120 |   123 ||   396
       Searing Ray       |       |    15 |    49 |    59 ||   123
       Iskenderun's Myst |       |       |    13 |    38 ||    51
       Fulminant Prism   |       |       |     6 |    34 ||    40
  Use: Scroll            |     3 |     2 |     2 |     2 ||     9
       Potion            |       |     1 |       |     4 ||     5
  Eat: Chunk             |     3 |     7 |    15 |    15 ||    40
       Ration            |       |       |     1 |       ||     1
Armor: Robe              |     4 |     3 |     5 |       ||    12
       Leather armour    |       |       |     4 |    28 ||    32
Dodge: Dodged            |     6 |    14 |    26 |    33 ||    79
